 Dungeon Crawl Stone Soup version 0.29-a0-284-gf9362112df (webtiles) character file.

Game seed: 8847483533486457036

79 spaghetti the Sneak (level 4, 0/31 HPs)
             Began as an Octopode Cinder Acolyte on Mar 22, 2022.
             Was a High Priest of Ignis.
             Slain by a gnoll
             ... wielding a +0 halberd
              (9 damage)
             ... on level 3 of the Dungeon.
             The game lasted 00:03:21 (2487 turns).

spaghetti the Sneak (Octopode Cinder Acolyte)       Turns: 2487, Time: 00:03:22

Health: 0/31       AC:  1    Str: 13    XL:     4   Next: 37%
Magic:  5/5        EV: 12    Int: 16    God:    Ignis [*****.]
Gold:   59         SH:  0    Dex:  9    Spells: 5/5 levels left

rFire   + . .      SeeInvis .   g - +2 short sword (drain) {short}
rCold   . . .      Faith    .   (no shield)
rNeg    . . .      Spirit   .   (helmet restricted)
rPois   .          Reflect  .   (no amulet)
rElec   .          Harm     .   e - +4 ring of slaying
rCorr   .          Rampage  .   (no ring)
Will    .....                   (no ring)
Stlth   ++++......              (no ring)
HPRegen 0.10/turn               (no ring)
MPRegen 0.09/turn               (no ring)
                                (no ring)
                                (no ring)

@: no status effects
A: almost no armour, amphibious, 8 rings, camouflage 1, gelatinous body 1,
(nimble swimmer 1), tentacles
a: Renounce Religion, Fiery Armour, Foxfire Swarm


You were on level 3 of the Dungeon.
You worshipped Ignis.
Ignis was extremely pleased with you.
You visited 1 branch of the dungeon, and saw 3 of its levels.

You collected 59 gold pieces.


Innate Abilities, Weirdness & Mutations

You cannot wear most types of armour.
You are amphibious.
You can wear up to eight rings at the same time.
Your skin changes colour to match your surroundings (Stealth+).
Your rubbery body absorbs attacks. (AC +1, EV +1)
((You are camouflaged when in or above water. (Stealth+)))
You have tentacles for arms and can constrict up to eight enemies at once.


   Skills:
 - Level 3.0 Fighting
 - Level 3.1 Short Blades
 + Level 5.4 Stealth
 - Level 1.0 Spellcasting
 - Level 3.0 Fire Magic


You had 5 spell levels left.
You didn't know any spells.
Your spell library contained the following spells:

 Spells                   Type           Power      Damage    Failure   Level
 Scorch                   Fire           20%        2d6       10%         2
 Corpse Rot               Necr/Air       0%         N/A       34%         2
 Poisonous Vapours        Pois/Air       0%         N/A       34%         2
 Summon Lightning Spire   Summ/Air       0%         N/A       92%         4
 Storm Form               Tmut/Air       0%         N/A       100%        7
 Maxwell's Capacitive Co  Air            0%         ∞         100%        8

Inventory:

Hand Weapons
 a - a -1 short sword of flaming {short}
 g - a +2 short sword of draining (weapon) {short}
   (You took it off an orc on level 3 of the Dungeon)
Missiles
 c - 57 stones (quivered) {throwing}
Armour
 h - a +0 scale mail
   (You took it off an orc on level 3 of the Dungeon)
 i - a +0 crystal plate armour {rare=g}
   (You found it on level 2 of the Dungeon)
Jewellery
 e - a +4 ring of slaying (left tentacle)
   (You found it on level 1 of the Dungeon)
Potions
 b - 2 potions of curing {@q1}
 f - a potion of lignification {unknown}

Dungeon Overview and Level Annotations

Branches:
Dungeon (3/15)

Altars:

#............#
#..........#.#
#.#........#.#
#..........#.#
...........#.#
...........#.#
.............#
.............###########
..............g)@.......
.......((...############
............#
............#
#'########'## #. #.#####
# #.....# ###########.#
..........#.#


You could see a gnoll.


Message History

A bat is nearby!
The bat hits you. 😕 HP[-1]
You take 1 damage, and now have 25/26 hp.
You closely miss the bat. You grab the bat. You constrict the bat.
The bat closely misses you. The bat completely misses you.
You barely miss the bat. You constrict the bat. The bat closely misses you.
You puncture the bat!
You kill the bat!
You see here a bat corpse.
Key pressed, stopping explore.
Found a stone staircase leading up. 😎 HP[+1]
Your hp is fully restored (26).
You see here a +0 robe.
There is a stone staircase leading up here.
You see here a +0 robe.
Key pressed, stopping explore.
You see here a scroll of amnesia.
Key pressed, stopping explore.
There is an open door here.
You open the door.
There is an open door here.
There is an open door here.
A ball python comes into view.
A ball python is nearby!
The helpless ball python fails to defend itself.
You impale the ball python!!
You kill the ball python!
You see here a ball python corpse.
A dart slug comes into view.
There is an open door here.
You puncture the dart slug!
You kill the dart slug!
A gnoll comes into view. It is wielding a +0 club.
You have reached level 4! 😎 HP[+5] MP[+1]
You now have 31 max hp (+5).
Your hp is fully restored (31).
Your mp is fully restored (5).
A gnoll comes into view. It is wielding a +0 halberd.
A gnoll comes into view. It is wielding a +0 club.
The gnoll shouts! x2
A ball python comes into view.
The gnoll throws a throwing net.
The throwing net barely misses you. The gnoll hits you with a +0 club.
The gnoll throws a throwing net.
The throwing net barely misses you. 😕 HP[-3]
You take 3 damage, and now have 28/31 hp.
You barely miss the gnoll. Your grab misses the gnoll.
The gnoll hits you with a +0 club. 😮 HP[-6]
You take 6 damage, and now have 22/31 hp.
The gnoll attacks as you move away! The gnoll misses you. 😮 HP[+1]
The gnoll attacks as you move away! The gnoll closely misses you.
The gnoll attacks as you move away!
The gnoll hits you with a +0 club. 😮 HP[-6]
You take 6 damage, and now have 17/31 hp.
The gnoll attacks as you move away! The gnoll hits you with a +0 club.
* * * LOW HITPOINT WARNING * * *
😨 HP[-3]
You take 3 damage, and now have 14/31 hp.
The gnoll attacks as you move away! The gnoll misses you.
You hit the gnoll. You drain the gnoll. Your grab misses the gnoll.
The gnoll barely misses you.
You barely miss the gnoll. You grab the gnoll. You squeeze the gnoll.
You constrict the gnoll, but do no damage.
The gnoll misses you.
You hit the gnoll. You drain the gnoll.
You kill the gnoll!
Your Stealth skill increases to level 5! 😨 HP[+1]
You barely miss the gnoll. You grab the gnoll.
You constrict the gnoll, but do no damage.
The gnoll closely misses you.
You hit the gnoll. You drain the gnoll.
You squeeze the gnoll, but do no damage.
You constrict the gnoll, but do no damage.
The gnoll misses you.
You hit the gnoll. You drain the gnoll.
You kill the gnoll!
The ball python barely misses you. The ball python closely misses you.
You hit the ball python.
You kill the ball python!
The gnoll hits you from afar with a +0 halberd!
* * * LOW HITPOINT WARNING * * *
😨 HP[-7]
You take 7 damage, and now have 8/31 hp.
MASSIVE DAMAGE!! (PAUSE) Unknown command.
Okay, then.
You aren't carrying any scrolls.
Unknown command.
You feel better.
The gnoll hits you from afar with a +0 halberd!
* * * LOW HITPOINT WARNING * * *
😨 HP[+1] It was a potion of cancellation.
You feel magically purged.
The gnoll hits you from afar with a +0 halberd!
You die...

Skill      XL: |  1  2  3  4 |
---------------+-------------+-----
Stealth        | 2 3 4 5 |  5.4
Fighting       | |  3.0
Short Blades   | |  3.1
Spellcasting   | |  1.0
Fire Magic     | |  3.0

Action                   |  1- 3 |  4- 6 || total
-------------------------+-------+-------++-------
Melee: Short sword       |    68 |     8 ||    76
       Tentacles         |    12 |     2 ||    14
       Constrict         |    12 |     2 ||    14
Throw: Stone             |     2 |       ||     2
Invok: Rising Flame      |     1 |       ||     1
  Use: Scroll            |     6 |       ||     6
       Potion            |       |     2 ||     2
 Stab: Sleeping          |    12 |       ||    12
Armor: Skin              |     4 |       ||     4
Dodge: Dodged            |    25 |    11 ||    36

Levels and vault maps discovered:
D:1:      minmay_arrival_plants_in_alcoves, layout_loops_ring,
          hellmonk_ecumenical_altar_heavens_door, minmay_cupped
D:2:      layout_loops_cross, minmay_misc_feat_alley
D:3:      layout_basic, mainiacjoe_overflow_tiny_flanked, uniq_robin

Notes
Turn   | Place    | Note
-------+----------+-------------------------------------------
     0 | D:1      | spaghetti the Octopode Cinder Acolyte began the quest for
                  | the Orb.
     0 | D:1      | Reached XP level 1. HP: 16/16 MP: 2/2
     0 | D:1      | magus.rc [v1.9.6]
    29 | D:1      | You pick up a book of Vapours and begin reading...
    29 | D:1      | You add the spells Poisonous Vapours and Corpse Rot to your
                  | library.
    49 | D:2      | You pick up a book of Vapours and begin reading...
    81 | D:1      | Reached skill level 1 in Stealth
   103 | D:1      | Reached skill level 2 in Stealth
   105 | D:1      | Reached XP level 2. HP: 10/21 MP: 3/3
   384 | D:1      | Reached skill level 3 in Stealth
   481 | D:1      | HP: 5/21 [constriction (1)]
  1013 | D:1      | Reached XP level 3. HP: 26/26 MP: 4/4
  1092 | D:1      | Reached skill level 4 in Stealth
  1307 | D:1      | Found a faded altar of an unknown god.
  1435 | D:2      | You pick up a book of the Sky and begin reading...
  1435 | D:2      | You add the spells Summon Lightning Spire, Storm Form and
                  | Maxwell's Capacitive Coupling to your library.
  1506 | D:2      | HP: 1/26 [gnoll/+0 halberd (10)]
  1988 | D:2      | Identified a +0 crystal plate armour
  1989 | D:2      | i - a +0 crystal plate armour {rare=g}
  2462 | D:3      | Reached XP level 4. HP: 31/31 MP: 5/5
  2482 | D:3      | Reached skill level 5 in Stealth
  2487 | D:3      | Slain by a gnoll

Vanquished Creatures
  2 gnolls (D:3)
  An adder (D:2)
  A dart slug (D:3)
  An orc (D:3)
  8 endoplasms
  5 goblins
  3 hobgoblins (D:1)
  3 jackals (D:3)
  5 quokkas
  3 ball pythons
  4 bats
  2 frilled lizards
  2 kobolds
  3 rats
43 creatures vanquished.

Table legend:
 A = Non-vault XP
 B = Vault XP
 C = Vault XP percentage of total XP
 D = Non-vault monster count
 E = Vault monster count
 F = Vault count percentage of total count
                 A         B        C        D         E       F
            +---------+---------+-------+---------+---------+-------
      Total |     110 |       3 |   2.7 |      41 |       2 |   4.7
            +---------+---------+-------+---------+---------+-------
        D:1 |      40 |       3 |   7.0 |      23 |       2 |   8.0
        D:2 |      20 |       0 |   0.0 |       5 |       0 |   0.0
        D:3 |      50 |       0 |   0.0 |      13 |       0 |   0.0
            +---------+---------+-------+---------+---------+-------

Illustrated notes

Table legend:
 A = Kills in this place as a percentage of kills in entire the game.
 B = Kills by you in this place as a percentage of kills by you in the entire game.
 C = Kills by friends in this place as a percentage of kills by friends in the entire game.
 D = Other kills in this place as a percentage of other kills in the entire game.
 E = Experience gained in this place as a percentage of experience gained in the entire game.
 F = Experience gained in this place divided by the number of levels of this place that you have seen.
                   A       B       C       D       E      F
               +-------+-------+-------+-------+-------+----------------------
         Total | 100.0 | 100.0 |   N/A |   N/A | 100.0 |  37.7
       Dungeon | 100.0 | 100.0 |   N/A |   N/A | 100.0 |  37.7
               +-------+-------+-------+-------+-------+----------------------

Table legend: (Time is in decaauts)
 A = Elapsed time spent in this place.
 B = Non-inter-level travel time spent in this place.
 C = Inter-level travel time spent in this place.
 D = Time resting spent in this place.
 E = Time spent auto-exploring this place.
 F = Levels seen in this place.
 G = Mean time per level.
                   A        B        C        D        E       F      G
               +--------+--------+--------+--------+--------+-----+--------+
         Total |   2483 |   2416 |     67 |    978 |   1109 |   3 |  827.7 |
       Dungeon |   2483 |   2416 |     67 |    978 |   1109 |   3 |  827.7 |
               +--------+--------+--------+--------+--------+-----+--------+

Top non-repeatable levels by time:
     D:1: 1803 daAuts
     D:3: 461 daAuts
     D:2: 219 daAuts
